 Dungeon Sprint DCSS version 0.16-a0-890-g98fc465 (webtiles) character file.

338 Psiweapon the Basher (level 6, -1/79 HPs)
             Began as an Ogre Berserker on Sept 29, 2014.
             Was a Believer of Trog.
             Slain by Sonja
             ... wielding a +0 short sword of distortion
              (12 damage)
             ... in the Dungeon (Sprint I: "Red Sonja").
             The game lasted 00:02:55 (574 turns).

Psiweapon the Basher (Ogre Berserker)                Turns: 574, Time: 00:02:58

HP  -1/79        AC  3     Str 23      XL: 6   Next: 55%
MP   6/6         EV 12     Int  6      God: Trog [**....]
Gold 164         SH  0     Dex 11      Spells:  0 memorised,  5 levels left

rFire  . . .     SeeInvis .     k - +0 giant club
rCold  . . .     Clarity  .     b - +0 animal skin
rNeg   . . .     rCorr    .     (shield restricted)
rPois  .         rRot     .     (helmet restricted)
rElec  .         Spirit   .     (no cloak)
SustAb .         Warding  .     (gloves unavailable)
rMut   .         NoTele   +     (boots unavailable)
Gourm  .                        (no amulet)
MR     .....                    (no ring)
                                (no ring)

@: lethally poisoned, short of breath, slowed, very slow, not resistant to
hostile enchantments, very unstealthy
A: unfitting armour, tough skin 1
a: Burn Spellbooks, Berserk, Trog's Hand, Renounce Religion


You were in the Dungeon.
You worshipped Trog.
Trog was pleased with you.
You were not hungry.

You visited 1 branch You collected 338 gold pieces.
You spent 174 gold pieces at shops.

Inventory:

Hand weapons
 a - a +0 mace
 j - a cursed -1 dagger
 k - a +0 giant club (weapon)
 l - a +2 scythe of venom
Armour
 b - a +0 animal skin (worn)
Comestibles
 c - a meat ration
 m - a chunk of human flesh
Scrolls
 i - a scroll of blinking
 n - a scroll of identify {unknown}
Potions
 d - 4 potions of curing
 e - a potion of heal wounds
 f - a potion of haste
 g - 2 potions of magic
 h - a potion of berserk rage
 o - a potion of invisibility


   Skills:
 + Level 10.8 Fighting
 + Level 11.4 Maces & Flails
 + Level 3.6 Armour
 + Level 5.5 Dodging


You had 5 spell levels left.
You didn't know any spells.

Dungeon Overview and Level Annotations

Branches:
Dungeon (1/1)

Altars:
Elyvilon
Gozag
Kikubaaqudgha
Makhleb
Nemelex Xobeh
Okawaru
Qazlal
Sif Muna
Trog
Vehumet
Xom
Yredelemnul
Zin
The Shining One

Shops:
D !

Annotations:
D Sonja


Innate Abilities, Weirdness & Mutations

You are too large for most types of armour.
You have tough skin (AC +1).


Message History

You feel as though you will be slow longer.
Sonja shoots a curare-tipped needle.
The curare-tipped needle completely misses you.
There is an open door here.
You see here a curare-tipped needle.
Drink which item? (? for menu, Esc to quit)
You feel much better.
You feel very sick.
Sonja unwields an uncursed glowing blowgun.
Sonja wields an uncursed short sword of distortion.
Its appearance distorts for a moment.
Sonja hits you with an uncursed short sword of distortion.
* * * LOW HITPOINT WARNING * * *
Space bends around you.
* * * LOW HITPOINT WARNING * * *
Sonja hits you with an uncursed short sword of distortion.
* * * LOW HITPOINT WARNING * * *
You feel a strange sense of stasis. Sonja hits you but does no damage.
Space warps horribly around you!
You die...

#<.#..'..#..'..#
#..'..#..'[.#..+
#..#####'#####'#
#..####..#...#.#
#..#__####..##.#
#..#_..._##'#..+
#⌠⌠#_.∩...'.(._#
####_..._##_K#+#
#_____###@#
#########(##


+$($+ #$.(# ##(## #+# You could see Sonja.

Vanquished Creatures
  A yak (D)
  An ogre (D)
  Sigmund (D)
  A jelly (D)
  Ijyb (D)
5 creatures vanquished.

Vanquished Creatures (others)
  A gargoyle (D)
1 creature vanquished.

Grand Total: 6 creatures vanquished

Notes
Turn   | Place    | Note
--------------------------------------------------------------
     0 | D        | Psiweapon, the Ogre Berserker, began the quest for the Orb.
     0 | D        | Reached XP level 1. HP: 24/24 MP: 1/1
     1 | D        | Noticed Ijyb
    22 | D        | Killed Ijyb
    22 | D        | Reached skill level 5 in Fighting
    22 | D        | Reached skill level 5 in Maces & Flails
    22 | D        | Reached XP level 2. HP: 14/35 MP: 2/2
   209 | D        | Noticed an ogre
   214 | D        | Killed an ogre
   214 | D        | Reached skill level 7 in Fighting
   214 | D        | Reached skill level 8 in Maces & Flails
   214 | D        | Reached XP level 3. HP: 25/48 MP: 3/3
   214 | D        | Reached XP level 4. HP: 29/57 MP: 4/4
   405 | D        | Noticed Sigmund
   409 | D        | Killed Sigmund
   409 | D        | Acquired Trog's second power
   409 | D        | Reached skill level 9 in Fighting
   409 | D        | Reached XP level 5. HP: 67/67 MP: 5/5
   412 | D        | Killed a gargoyle
   520 | D        | Found a deep blue altar of Sif Muna.
   521 | D        | Noticed a jelly
   522 | D        | Found a radiant altar of Vehumet.
   526 | D        | Killed a jelly
   526 | D        | Reached skill level 10 in Maces & Flails
   545 | D        | Found Teesher's Distillery.
   545 | D        | Found a white marble altar of Elyvilon.
   545 | D        | Found a stormy altar of Qazlal.
   545 | D        | Found a basalt altar of Yredelemnul.
   545 | D        | Found an iron altar of Okawaru.
   545 | D        | Found a sparkling altar of Nemelex Xobeh.
   545 | D        | Found a shimmering altar of Xom.
   545 | D        | Found an ancient bone altar of Kikubaaqudgha.
   545 | D        | Noticed a yak
   551 | D        | Killed a yak
   551 | D        | Reached skill level 10 in Fighting
   551 | D        | Reached skill level 11 in Maces & Flails
   551 | D        | Reached skill level 5 in Dodging
   551 | D        | Reached XP level 6. HP: 54/79 MP: 6/6
   552 | D        | Found a burning altar of Makhleb.
   552 | D        | Found a glowing golden altar of the Shining One.
   552 | D        | Found an opulent altar of Gozag.
   552 | D        | Found a glowing silver altar of Zin.
   553 | D        | Found a bloodstained altar of Trog.
   557 | D        | Bought a potion of curing for 24 gold pieces
   557 | D        | Bought a potion of heal wounds for 36 gold pieces
   557 | D        | Bought a potion of curing for 24 gold pieces
   557 | D        | Bought a potion of invisibility for 66 gold pieces
   557 | D        | Bought a potion of curing for 24 gold pieces
   564 | D        | Noticed Sonja
   574 | D        | Slain by Sonja

Action                   |  1- 3 |  4- 6 || total
-------------------------+-------+-------++-------
Melee: Mace              |    24 |       ||    24
       Giant club        |       |     9 ||     9
Invok: Berserk           |     1 |     1 ||     2
  Use: Potion            |       |     1 ||     1
  Eat: Chunk             |       |     1 ||     1
